 Dungeon Crawl Stone Soup version 0.28.0-43-g3370ac3207 (webtiles) character file.

Game seed: 16700955500592714546

63 vvl the Ruffian (level 3, -4/29 HPs)
             Began as a Draconian Transmuter on Mar 9, 2022.
             Slain by a gnoll
             ... wielding a +0 spear
              (5 damage)
             ... on level 2 of the Dungeon.
             The game lasted 00:04:13 (1693 turns).

vvl the Ruffian (Draconian Transmuter)              Turns: 1693, Time: 00:04:14

Health: -4/29      AC:  5    Str: 12    XL:     3   Next: 87%
Magic:  5/6        EV: 12    Int: 15    God:
Gold:   137        SH:  0    Dex: 11    Spells: 5/6 levels left

rFire   . . .      SeeInvis .   b - +0 short sword
rCold   . . .      Faith    .   (no shield)
rNeg    . . .      Spirit   .   (armour unavailable)
rPois   .          Reflect  .   (helmet currently unavailable)
rElec   .          Harm     .   (no cloak)
rCorr   .          Rampage  .   (no gloves)
Will    .....                   (boots currently unavailable)
Stlth   +.........              (no amulet)
HPRegen 0.09/turn               (no ring)
MPRegen 0.10/turn               (no ring)

@: appendages
A: horns 2, talons 2, AC +5, unfitting armour, cold-blooded
a: End Transformation


You were on level 2 of the Dungeon.
You had temporarily grown beastly horns and talons.
You visited 1 branch of the dungeon, and saw 2 of its levels.

You collected 137 gold pieces.

Inventory:

Hand Weapons
 b - a +0 short sword (weapon)
Scrolls
 a - 2 scrolls of noise {unknown}
 c - a scroll of enchant weapon {unknown}


   Skills:
 + Level 1.9 Fighting
 + Level 2.2 Dodging
 + Level 3.3 Unarmed Combat
 + Level 2.3 Spellcasting
 * Level 2.9 Transmutations


You had 5 spell levels left.
You knew the following spells:

 Your Spells              Type           Power      Damage    Failure   Level
a - Beastly Appendage     Tmut           20%        N/A       6%          1

Your spell library contained the following spells:

 Spells                   Type           Power      Damage    Failure   Level
 Wereblood                Tmut           10%        N/A       10%         2
 Spider Form              Tmut/Pois      6%         N/A       34%         3
 Tukima's Dance           Hex            1%         N/A       54%         3
 Ice Form                 Ice/Tmut       6%         N/A       75%         4
 Passage of Golubria      Tloc           1%         N/A       91%         4
 Yara's Violent Unravell  Hex/Tmut       3%         3d4       97%         5


Dungeon Overview and Level Annotations

Branches:
Dungeon (2/15)

Altars:

Annotations:
D:2 Robin


Innate Abilities, Weirdness & Mutations

You have temporarily grown beastly horns and talons.
Your plain brown scales are hard. (AC +5)
You cannot fit into any form of body armour.
You are cold-blooded and may be slowed by cold attacks.


Message History

Robin roars a battlecry!
The goblin goes into a battle-frenzy!
You hear a shout!
Items here: ( )) †.
You barely miss the hobgoblin. You claw the hobgoblin.
You kill the hobgoblin!
The goblin shoots a stone.
The stone misses you.
The goblin unwields a +0 hunting sling.
The goblin wields a +0 dagger.
The goblin hits you but does no damage.
You see here a hobgoblin corpse.
You completely miss the goblin.
Your tail-slap misses the goblin.
The goblin no longer looks unusually strong.
The goblin hits you but does no damage. Robin throws the goblin at you!
A gnoll comes into view. It is wielding a +0 halberd.
The goblin misses you.
You closely miss the goblin. You claw the goblin.
The goblin is heavily wounded.
Your horns disappear.
Your talons disappear.
The goblin barely misses you.
Robin roars a battlecry!
The goblins go into a battle-frenzy!
The goblin hits you with a +0 club.
You barely miss the goblin. The goblin hits you with a +0 dagger.
The goblin barely misses you.
The gnoll hits you from afar with a +0 spear.
Casting: Beastly Appendage (safe; 6% risk of failure)
Confirm with . or Enter, or press ? or * to list all spells.
You grow a pair of large bovine horns.
Your feet morph into talons.
The goblin closely misses you. x2
The gnoll hits you from afar with a +0 spear.
* * * LOW HITPOINT WARNING * * *
You miss the goblin.
Your tail-slap misses the goblin.
The goblin closely misses you. x2
The gnoll hits you from afar with a +0 spear.
* * * LOW HITPOINT WARNING * * *
Unknown command.
You closely miss the goblin. Your punch misses the goblin.
The goblin barely misses you. The goblin hits you but does no damage.
The gnoll hits you from afar with a +0 spear.
You die...

#........# g
.######........##..
$...............g..
#######........g...
#....g...###.
#.<.ggg..#
#.###g#### #†# #g#
#.# #@# #.# #g# #.#
#g# #######.###.##
#...(........#
#.#####.###..#
#.......# #..#
#.####### #..# #.#
#...


You could see Robin, 4 gnolls, a hobgoblin (strong) and 2 goblins.

Vanquished Creatures
  An adder (D:2)
  6 endoplasms
  2 giant cockroaches
  13 goblins
  3 hobgoblins
  6 kobolds (D:1)
  4 ball pythons (D:1)
  6 bats
  2 frilled lizards
  4 rats (D:1)
47 creatures vanquished.

Notes
Turn   | Place    | Note
-------+----------+-------------------------------------------
     0 | D:1      | vvl the Draconian Transmuter began the quest for the Orb.
     0 | D:1      | Reached XP level 1. HP: 16/16 MP: 3/3
   296 | D:1      | Reached XP level 2. HP: 18/23 MP: 5/5
   807 | D:1      | Found a faded altar of an unknown god.
   836 | D:1      | Reached XP level 3. HP: 26/29 MP: 4/6
  1659 | D:2      | Noticed Robin
  1692 | D:2      | HP: 1/29 [gnoll/+0 spear (5)]
  1693 | D:2      | Slain by a gnoll

Illustrated notes

Levels and vault maps discovered:
D:1:      lemuel_arrival_muddy, layout_basic, dilly_ecumenical_altar_fadedgnrine
D:2:      layout_loops_ring, uniq_crazy_yiuf_cottage, uniq_robin

Skill      XL: |  1  2 |
---------------+-------+-----
Dodging        | 2 |  2.2
Fighting       | |  1.9
Unarmed Combat | |  3.3
Spellcasting   | |  2.3
Transmutations | |  2.9

Action                   || total
-------------------------++-------
Melee: Unarmed           ||    25
       Short sword       ||   103
       Tailslap          ||    14
       Punch             ||     1
       Kick              ||    16
       Headbutt          ||    12
 Cast: Beastly Appendage ||    23
Armor: Skin              ||    42
Dodge: Dodged            ||   110
